AoeStats
← Iwwan

Arena

510247001Analyzed
1v1 RM · 1d ago on Sep 30, 2026· 74m 12s· 2 players
Game mode
Random Map
Map size
Tiny (2 player)
Population
200
Speed
Normal
Resources
Standard
Victory
Conquest
Starting age
Dark Age
Ending age
Imperial Age
RankedLock teamsTeams togetherTeam positionsShared explorationLock speedFull tech treeHidden civsTurbo modeCheats
Victory
Defeat
🇲🇽 Khmer · Mexico
975
+15
🇦🇺 Cumans · Australia
948
-38
Iwwan
10:23 Feudal Age
13:24 Double-Bit Axe
13:21 Horse Collar
15:41 Wheelbarrow
19:39 Castle Age
19:08 Gold Mining
19:09 Stone Mining
29:24 Imperial Age
27:55 Heavy Plow
28:28 Pikeman
29:09 Squires
30:11 Gold Shaft Mining
32:50 Halberdier
35:16 Onager
39:29 Scale Barding Armor
39:35 Forging
39:26 Scale Mail Armor
39:27 Padded Archer Armor
39:18 Fletching
39:47 Bloodlines
38:58 Light Cavalry
47:52 Bow Saw
47:14 Hussar
snkragde
9:12 Feudal Age
10:32 Double-Bit Axe
11:56 Horse Collar
18:44 Castle Age
16:50 Gold Mining
18:38 Loom
19:30 Wheelbarrow
20:31 Bow Saw
20:48 Stone Mining
28:03 Gold Shaft Mining
27:35 Heavy Plow
32:07 Imperial Age
29:47 Husbandry
30:03 Bloodlines
31:00 Scale Barding Armor
31:06 Forging
31:34 Fletching
34:10 Cavalier
35:41 Iron Casting
37:06 Conscription
36:29 Light Cavalry
38:33 Bodkin Arrow
38:58 Chain Barding Armor
38:06 Crossbowman
39:13 Town Watch
39:31 Arbalester
41:14 Padded Archer Armor
46:44 Elite Skirmisher
50:08 Chemistry
50:44 Ballistics
50:59 Hussar
52:59 Blast Furnace
51:59 Scale Mail Armor
52:34 Plate Barding Armor
52:24 Pikeman
53:47 Siege Engineers
55:38 Bracer
60:29 Guard Tower
60:36 Murder Holes
60:14 Halberdier
63:50 Double Crossbow
67:09 Plate Barding Armor
67:17 Hand Cart
68:29 Fortified Wall
Connection lost

Rejoining the realm…

Still unreachable

The connection could not be restored.

Session expired

The server has moved on; the page needs a fresh start.